 Dungeon Crawl Stone Soup version 0.20.1-1-g8b1a95d (webtiles) character file.

8329 dvd the Covert (level 11, -5/75 HPs)
             Began as a Vampire Enchanter on Sept 11, 2017.
             Was a Priest of Sif Muna.
             Slain by a two-headed ogre
             ... wielding a +0 giant spiked club
              (13 damage)
             ... on level 9 of the Dungeon.
             The game lasted 00:44:28 (10915 turns).

dvd the Covert (Vampire Enchanter)                 Turns: 10915, Time: 00:44:30

Health: -5/75      AC:  9    Str:  7    XL:     11   Next: 8%
Magic:  12/23      EV: 15    Int: 20    God:    Sif Muna [***...]
Gold:   474        SH:  0    Dex: 16    Spells: 5/26 levels left

rFire    + . .     SeeInvis +   y - +5 dagger (venom)
rCold    + + .     Gourm    .   (no shield)
rNeg     + + .     Faith    .   z - +2 robe {rC+ rF+}
rPois    +         Spirit   .   d - +2 helmet
rElec    .         Reflect  .   b - +0 cloak
rCorr    .         Harm     .   t - +0 pair of gloves
MR       +....                  (no boots)
Stlth    ++++++++..             (no amulet)
Regen    0.2/turn               x - ring of stealth
MPRegen  0.2/turn               (no ring)

@: regenerating slowly
A: fangs 3, see invisible, unbreathing
a: Bat Form, Divine Energy, Channel Magic, Renounce Religion


You were on level 9 of the Dungeon.
You worshipped Sif Muna.
Sif Muna was most pleased with you.
You were thirsty.

You visited 2 branches of the dungeon, and saw 11 of its levels.

You collected 474 gold pieces.

Inventory:

Hand Weapons
 q - a +2 vampiric dagger
 y - a +5 dagger of venom (weapon)
Armour
 b - a +0 cloak (worn)
 d - a +2 helmet (worn)
 t - a +0 pair of gloves (worn)
 z - a +2 robe of resistance (worn)
Magical Staves
 B - an uncursed staff of poison
Jewellery
 x - a ring of stealth (left hand)
Wands
 j - a wand of confusion (20/48)
 l - a wand of lightning (1/15)
 w - a wand of disintegration (13/24)
 A - a wand of lightning (10/15)
Scrolls
 a - a scroll of remove curse
 f - a scroll of fog
 g - 3 scrolls of enchant armour
 h - 8 scrolls of identify
 o - 2 scrolls of magic mapping
 s - a scroll of fear
 v - a scroll of amnesia
Potions
 e - a potion of lignification {unknown}
 i - 3 potions of heal wounds
 k - 2 potions of haste {unknown}
 m - 24 potions of blood
 r - 2 potions of curing {unknown}
 u - a potion of brilliance {unknown}
Books
 c - a book of Maledictions

   Spells                             Type                      Level
   a - Corona                         Hexes                        1
   b - Ensorcelled Hibernation        Hexes/Ice                    2
   c - Confuse                        Hexes                        3
   d - Tukima's Dance                 Hexes                        3
   e - Dazzling Spray                 Conjuration/Hexes            3
 n - a book of Misfortune

   Spells                             Type                      Level
   a - Confusing Touch                Hexes                        1
   b - Confuse                        Hexes                        3
   c - Gell's Gravitas                Translocation                3
   d - Petrify                        Transmutation/Earth          4
   e - Metabolic Englaciation         Hexes/Ice                    5
   f - Yara's Violent Unravelling     Hexes/Transmutation          5


   Skills:
 + Level 3.0 Fighting
 + Level 5.8 Short Blades
   Level 0.1 Maces & Flails
 + Level 4.8 Dodging
 + Level 13.9 Stealth
 + Level 8.3 Spellcasting
 + Level 11.4 Hexes
 + Level 0.4 Transmutations
 + Level 4.8 Ice Magic


You had 5 spell levels left.
You knew the following spells:

 Your Spells              Type           Power        Failure   Level  Hunger
a - Metabolic Englaciati  Hex/Ice        #####.....   8%          5    #####..
b - Ensorcelled Hibernat  Hex/Ice        #####.       1%          2    None
c - Confuse               Hex            ######..     1%          3    None
d - Tukima's Dance        Hex            ######..     1%          3    None
e - Dazzling Spray        Conj/Hex       ####..       2%          3    None
f - Yara's Violent Unrav  Hex/Tmut       ####......   19%         5    #####..


Dungeon Overview and Level Annotations

Branches:
Dungeon (10/15)            Temple (1/1) D:5
   Lair: D:8-11         Orc: D:9-12

Altars:
Ashenzari
Cheibriados
Dithmenos
Elyvilon
Fedhas
Gozag
Hepliaklqana
Kikubaaqudgha
Makhleb
Nemelex Xobeh
Okawaru
Qazlal
Ru
Sif Muna
Trog
Uskayaw
Vehumet
Xom
Yredelemnul
Zin
The Shining One

Annotations:
D:8 jmlagarto's ghost, novice MiCK
D:9 reteaz's ghost, novice TrFi


Innate Abilities, Weirdness & Mutations

You heal slowly.
You have razor-sharp teeth.
You have supernaturally acute eyesight. (SInv)
You can survive without breathing.


Message History

Confirm with . or Enter, or press ? or * to list all spells.
Aiming: Tukima's Dance
Press: ? - help, Shift-Dir - straight line, f - two-headed ogre, p - reteaz's ghost
Aim: a two-headed ogre, wielding a giant spiked club and a giant club (chance to defeat MR: 68%)
The two-headed ogre struggles to resist.
The two-headed ogre hits you with a giant spiked club!!
* * * LOW HITPOINT WARNING * * *
The two-headed ogre hits you with a giant club.
* * * LOW HITPOINT WARNING * * *
Unknown command.
You see here 21 stones.
There is a burning altar of Makhleb here.
Casting: Tukima's Dance
Confirm with . or Enter, or press ? or * to list all spells.
You radiate an aura of cold.
The two-headed ogre seems to slow down.
You are feeling thirsty.
The two-headed ogre hits you with a giant spiked club!
* * * LOW HITPOINT WARNING * * *
The two-headed ogre hits you with a giant club!
You die...

).......#..#............. .....
..).....#..#............ .....
........####..>.......# .....
#####.................# .....
#...#.................# .....
#...'.....######......#...#......
#...#.....'....'......#...#.##+##
'...#.....#....#......#...#.#....
#...#.....#....#@..(..#...#.#....
#...#.....#....#O.....#...#.#....
#####.....######......#...#.#....
.._...................#...#.####'
############....(.(...#'###......
#....<................
#.........############
#.........# #.........#


You could see a two-headed ogre.

Vanquished Creatures
  2 two-headed ogres (D:8)
  A manticore (D:8)
  3 centaur zombies (D:8)
  Joseph (D:7)
  A centaur skeleton (D:8)
  2 hellwings (D:8)
  2 hippogriffs
  Duvessa (D:6)
  2 orc warriors
  A slave (D:7)
  4 ice beasts
  3 sky beasts
  2 phantoms
  2 black bears (D:6)
  4 centaurs
  2 ogres
  Blork the orc (D:6)
  3 bullfrogs
  A wyvern zombie (D:8)
  A big kobold (D:9)
  Dowan (D:6)
  4 scorpions
  6 killer bees (D:8)
  A howler monkey (D:4)
  3 crimson imps
  3 jellies
  3 hounds
  A bullfrog skeleton (D:9)
  6 orc wizards
  3 iguanas
  5 worker ants
  A hound zombie (D:7)
  9 gnolls
  2 howler monkey skeletons
  9 adders
  5 shadow imps
  An ooze (D:1)
  2 adder skeletons
  2 adder zombies
  A worm (D:2)
  A dart slug (D:1)
  3 leopard geckos
  13 orcs
  A ball python (D:4)
  6 bats
  4 giant cockroaches
  5 goblins
  6 hobgoblins
  11 jackals
  10 kobolds
  5 quokkas
  5 frilled lizards
  A leopard gecko skeleton (D:7)
  8 rats
186 creatures vanquished.

Vanquished Creatures (collateral kills)
  A two-headed ogre (D:9)
  Pikel (D:7)
  3 ogres
  A bullfrog (D:8)
  An orc priest (D:7)
  An orc wizard (D:8)
  7 gnolls
  A shadow imp (D:8)
  A worm (D:4)
  4 orcs
  A kobold (D:3)
22 creatures vanquished.

Vanquished Creatures (others)
  8 dancing weapons
  2 slaves
  An ogre (D:7)
  An adder (D:7)
  2 withered plants (D:8)
14 creatures vanquished.

Grand Total: 222 creatures vanquished

Notes
Turn   | Place    | Note
-------+----------+-------------------------------------------
     0 | D:1      | dvd the Vampire Enchanter began the quest for the Orb.
     0 | D:1      | Reached XP level 1. HP: 13/13 MP: 3/3
   504 | D:2      | Reached XP level 2. HP: 17/19 MP: 3/5
   601 | D:2      | Learned a level 2 spell: Ensorcelled Hibernation
   650 | D:2      | Reached skill level 5 in Hexes
   715 | D:2      | Reached skill level 5 in Stealth
   964 | D:2      | Reached XP level 3. HP: 25/25 MP: 1/6
   980 | D:2      | Found an ancient bone altar of Kikubaaqudgha.
  1336 | D:2      | Learned a level 3 spell: Tukima's Dance
  1582 | D:3      | Reached XP level 4. HP: 31/31 MP: 0/8
  1596 | D:3      | Reached skill level 1 in Ice Magic
  1903 | D:3      | Found a radiant altar of Vehumet.
  2411 | D:1      | Learned a level 3 spell: Confuse
  2431 | D:1      | Reached skill level 6 in Stealth
  2548 | D:1      | Reached XP level 5. HP: 31/36 MP: 4/9
  3244 | D:4      | Noticed a centaur
  3250 | D:4      | Killed a centaur
  3250 | D:4      | Reached skill level 1 in Fighting
  3250 | D:4      | Reached XP level 6. HP: 43/43 MP: 5/11
  3327 | D:4      | Reached skill level 7 in Stealth
  3794 | D:5      | Entered Level 5 of the Dungeon
  3812 | D:5      | Reached XP level 7. HP: 42/48 MP: 7/12
  3953 | D:4      | Learned a level 3 spell: Dazzling Spray
  3956 | D:5      | Found a shattered altar of Ashenzari.
  5142 | D:5      | Found a staircase to the Ecumenical Temple.
  5232 | Temple   | Entered the Ecumenical Temple
  5558 | D:5      | Reached skill level 8 in Stealth
  5738 | Temple   | Became a worshipper of Sif Muna the Loreminder
  5771 | D:5      | Reached XP level 8. HP: 55/55 MP: 4/14
  6503 | D:6      | Reached skill level 5 in Spellcasting
  6530 | D:6      | Noticed Blork the orc
  6532 | D:6      | Killed Blork the orc
  6652 | D:6      | Noticed Dowan
  6656 | D:6      | Killed Dowan
  6656 | D:6      | Reached skill level 9 in Stealth
  6657 | D:6      | Noticed Duvessa
  6676 | D:6      | Killed Duvessa
  6936 | D:6      | Reached * piety under Sif Muna
  6936 | D:6      | Reached skill level 10 in Stealth
  7374 | D:7      | Noticed Pikel
  7425 | D:7      | Killed Pikel
  7425 | D:7      | Reached XP level 9. HP: 26/61 MP: 9/17
  7708 | D:7      | Noticed Joseph
  7711 | D:7      | Killed Joseph
  7711 | D:7      | Reached skill level 11 in Stealth
  7928 | D:7      | Found a shattered altar of Ashenzari.
  8292 | D:8      | Found a white marble altar of Elyvilon.
  8325 | D:8      | Noticed a hellwing
  8338 | D:8      | Noticed a hellwing
  8345 | D:8      | Reached ** piety under Sif Muna
  8351 | D:8      | Noticed jmlagarto's ghost (novice MiCK)
  8375 | D:8      | Reached skill level 12 in Stealth
  8388 | D:8      | HP: 3/62 [hellwing (11)]
  8529 | D:8      | Noticed a two-headed ogre
  8573 | D:8      | Killed a two-headed ogre
  8573 | D:8      | Reached skill level 5 in Short Blades
  8573 | D:8      | Reached skill level 10 in Hexes
  8573 | D:8      | Reached XP level 10. HP: 39/68 MP: 0/20
  9306 | D:8      | Noticed a two-headed ogre
  9320 | D:8      | Killed a two-headed ogre
  9459 | D:8      | Reached skill level 13 in Stealth
  9540 | D:8      | Noticed a manticore
  9542 | D:8      | Killed a manticore
  9562 | D:8      | You fall through a shaft for 2 floors!
  9562 | D:10     | Entered Level 10 of the Dungeon
  9614 | D:9      | Found a burning altar of Makhleb.
  9629 | D:9      | Reached *** piety under Sif Muna
  9826 | D:8      | Learned a level 5 spell: Metabolic Englaciation
  9832 | D:8      | Learned a level 5 spell: Yara's Violent Unravelling
 10423 | D:9      | Reached XP level 11. HP: 75/75 MP: 23/23
 10465 | D:9      | Noticed a two-headed ogre
 10492 | D:9      | Killed a two-headed ogre
 10852 | D:9      | Noticed reteaz's ghost (novice TrFi)
 10880 | D:9      | Noticed a two-headed ogre
 10915 | D:9      | Slain by a two-headed ogre

Skill      XL: |  1  2  3  4  5  6  7  8  9 10 |
---------------+-------------------------------+-----
Hexes          | 5 6 7 9 10 11 | 11.4
Stealth        | 5 6 7 8 10 12 13 | 13.9
Ice Magic      | 1 2 3 4 |  4.8
Spellcasting   | 3 4 5 6 8 |  8.3
Fighting       | 1 2 3 |  3.0
Short Blades   | 2 4 5 |  5.8
Dodging        | 3 4 |  4.8
Maces & Flails | |  0.1
Transmutations | |  0.4

Action                   |  1- 3 |  4- 6 |  7- 9 | 10-12 || total
-------------------------+-------+-------+-------+-------++-------
Melee: Dagger            |    69 |   100 |   303 |   159 ||   631
       Bite              |     4 |     6 |    21 |    18 ||    49
       Whip              |       |     8 |       |       ||     8
 Cast: Corona            |    12 |       |     1 |       ||    13
       Ensorcelled Hiber |    21 |    56 |    39 |    18 ||   134
       Tukima's Dance    |     2 |     6 |    15 |    15 ||    38
       Confuse           |       |       |    50 |    25 ||    75
       Yara's Violent Un |       |       |       |     3 ||     3
       Metabolic Englaci |       |       |       |     3 ||     3
  Use: Potion            |     6 |     8 |    17 |     8 ||    39
       Scroll            |       |       |     8 |     7 ||    15
 Stab: Sleeping          |    17 |    28 |    43 |    21 ||   109
       Confused          |       |       |    22 |    20 ||    42
Armor: Robe              |    19 |    13 |    42 |    18 ||    92
Dodge: Dodged            |    54 |    77 |   134 |    40 ||   305
